Map: Neon Violet Square LE

Players

puCK (Nina) - Winner!

  • Race: Protoss Protoss
  • League: Grandmaster
  • Spawn Location: 5:00

IIIIIIIIIIII

  • Race: Terran Terran
  • League: Master
  • Spawn Location: 11:00

VOD

Have the link to the VOD?

Description

Time

  • Played on: May 12, 2018, 10:20 p.m.
  • Length: 9:34
Show
View Real Time Build Order
Export as new Build Order

puCK Protoss - Winner!

Build Orders: 1 Gate Expand, Oracle Opening 

Get SALT Encoding   

  12  0:02  Probe  
  13  0:14  Probe  
  13  0:18  Pylon  
  14  0:26  Probe  
  15  0:34  Probe  
  15  0:39  Gateway  
  15  0:42  Probe  
  16  0:49  Assimilator  
  17  0:52  Probe  
  18  1:05  Probe  
  19  1:17  Probe  
  20  1:26  Nexus  
  20  1:37  Cybernetics Core  
  20  1:38  Probe  
  21  1:46  Assimilator  
  21  1:50  Probe  
  22  1:55  Pylon  
  22  2:03  Probe  
  22  2:05  Adept  
  23  2:15  Probe  
  26  2:18  Warp Gate  
  26  2:27  Probe  
  27  2:33  Stargate  
  27  2:34  Stalker  
  26  2:39  Probe x2  
  30  2:51  Probe x2  
  31  3:03  Probe x2  
  33  3:07  Oracle  
  33  3:12  Zealot  
  35  3:15  Probe  
  39  3:20  Probe  
  40  3:27  Probe  
  40  3:32  Probe  
  40  3:34  Oracle  
  42  3:39  Probe  
  41  3:44  Assimilator, Probe  
  45  3:48  Assimilator  
  45  3:51  Probe  
  46  3:57  Pylon  
  46  4:05  Gateway x2  
  46  4:15  Probe x2, Phoenix  
  50  4:27  Robotics Facility, Probe x2  
  50  4:29  Pylon  
  52  4:39  Probe x2  
  52  4:41  Forge  
  54  4:49  Sentry  
  54  4:51  Probe x2  
  58  4:57  Pylon  
  58  4:58  Pylon  
  58  5:03  Probe  
  56  5:12  Probe  
  56  5:13  Observer  
  54  5:15  Probe  
  54  5:19  Nexus  
  56  5:23  Protoss Ground Weapons Level 1  
  56  5:26  Robotics Bay, Probe  
  56  5:27  Probe  
  56  5:28  Observer  
  59  5:38  Probe  
  59  5:40  Twilight Council  
  60  5:43  Probe  
  60  5:46  Sentry  
  60  5:47  Gateway  
  63  5:50  Probe  
  63  5:51  Observer  
  63  5:55  Probe  
  65  5:59  Sentry, Pylon  
  65  6:00  Stalker, Colossus  
  65  6:02  Probe  
  71  6:07  Probe  
  71  6:10  Pylon  
  72  6:12  Gateway  
  72  6:14  Probe  
  79  6:23  Extended Thermal Lance  
  79  6:26  Shield Battery  
  79  6:33  Stalker  
  79  6:37  Stalker  
  79  6:38  Stalker  
  79  6:39  Blink  
  83  6:43  Shield Battery  
  83  6:54  Zealot  
  83  7:00  Zealot x2  
  89  7:02  Probe  
  89  7:03  Colossus  
  89  7:04  Zealot  
  92  7:13  Protoss Ground Armor Level 1  
  92  7:15  Stalker  
  92  7:27  Stalker x2  
  92  7:28  Stalker  
  92  7:29  Probe x2  
  96  7:30  Assimilator, Probe  
  96  7:32  Assimilator, Photon Cannon  
  97  7:40  Pylon  
  97  7:42  Probe  
  98  7:46  Probe  
  98  7:47  Pylon  
  99  7:53  Zealot x4, Probe  
  99  7:55  Probe  
  110  7:58  Probe  
  110  7:59  Pylon  
  110  8:01  Colossus  
  110  8:03  Gateway  
  110  8:09  Gateway  
  110  8:12  Pylon  
  116  8:17  Stalker x2  
  120  8:27  Probe x2, Pylon  
  120  8:30  Observer  
  120  8:33  Stalker  
  120  8:34  Stalker  
  126  8:44  Templar Archives  
  126  8:48  Disruptor  
  126  8:50  Nexus  
  126  8:51  Pylon  
  129  9:06  Pylon  
  129  9:08  Stalker x3  
  129  9:09  Stalker  
  137  9:13  Stalker  
Show
View Real Time Build Order
Export as new Build Order

IIIIIIIIIIII Terran 

Build Orders: Reaper Expand, MMM Bio 

Get SALT Encoding   

  12  0:00  SCV  
  13  0:12  SCV  
  14  0:17  Supply Depot  
  14  0:24  SCV  
  15  0:39  SCV  
  15  0:40  Barracks  
  16  0:45  Refinery  
  16  0:51  SCV  
  17  1:03  SCV  
  18  1:15  SCV  
  19  1:28  Reaper  
  19  1:29  Orbital Command  
  20  1:45  Command Center  
  20  1:52  Supply Depot  
  20  1:55  SCV  
  20  2:00  Marine  
  22  2:10  Factory  
  22  2:12  SCV  
  23  2:21  Refinery  
  23  2:23  Barracks Reactor  
  23  2:25  SCV  
  25  2:37  SCV  
  25  2:50  SCV  
  26  2:55  Widow Mine  
  27  2:59  Starport  
  27  3:02  SCV  
  28  3:06  Marine x2  
  28  3:07  Orbital Command  
  29  3:14  SCV  
  29  3:18  Widow Mine  
  32  3:25  Marine x2  
  34  3:28  SCV  
  35  3:40  SCV x2  
  38  3:42  Barracks, Factory Tech Lab  
  38  3:45  Viking  
  38  3:46  Marine x2  
  40  3:52  SCV x2  
  42  4:00  Supply Depot  
  42  4:04  SCV  
  42  4:08  SCV, Barracks  
  42  4:09  Marine x2  
  46  4:13  Factory Tech Lab  
  46  4:21  SCV x2  
  48  4:27  Marine x2  
  48  4:28  Supply Depot  
  50  4:35  SCV x2  
  50  4:37  Engineering Bay, Starport Reactor  
  52  4:39  Stimpack, Marine  
  52  4:41  Factory Reactor  
  53  4:46  Refinery  
  53  4:47  Bunker, SCV  
  53  4:49  SCV  
  53  4:51  Supply Depot  
  55  4:58  Marine x3  
  58  5:01  SCV x2  
  55  5:15  SCV x2  
  55  5:20  Medivac x2  
  59  5:22  Marine x4  
  59  5:27  Combat Shields  
  63  5:30  SCV x2  
  65  5:39  Supply Depot  
  65  5:42  Terran Infantry Weapons Level 1, SCV x2  
  67  5:45  Marine x2  
  69  5:52  Supply Depot  
  69  6:01  Supply Depot, Marauder x2, Widow Mine x2  
  77  6:08  SCV  
  78  6:13  Missile Turret  
  78  6:14  Medivac x2, Marine x2, SCV  
  78  6:15  Missile Turret  
  85  6:23  Supply Depot, Widow Mine x2  
  89  6:26  Marauder  
  89  6:27  Marauder  
  89  6:32  Marine  
  94  6:33  Marine  
  94  6:41  Concussive Shells  
  94  6:44  Medivac  
  96  6:49  Marauder x2  
  96  6:50  Widow Mine  
  102  7:01  Supply Depot  
  102  7:02  Supply Depot  
  102  7:07  Supply Depot  
  102  7:08  Marine x2  
  101  7:10  Widow Mine  
  79  7:26  Marauder x2, Marine x2  
  79  7:29  Medivac  
  81  7:30  Medivac  
  81  7:36  SCV  
  81  7:37  SCV  
  85  7:38  Widow Mine x2  
  85  7:43  Command Center  
  89  7:44  Barracks  
  89  7:52  Barracks  
  91  7:58  Marauder  
  91  8:00  Marauder  
  91  8:01  Marine  
  91  8:02  Marine  
  93  8:08  Viking  
  93  8:11  Viking  
  97  8:18  SCV x2  
  99  8:20  Refinery  
  99  8:32  SCV x2  
  101  8:35  Starport  
  101  8:37  Marauder x2, Marine x2  
  95  8:50  Viking x2  
  95  8:51  Barracks Reactor  
  95  8:52  SCV x2, Barracks Tech Lab  
  99  8:58  Orbital Command  
  99  9:02  Marauder, Marine x2  
  103  9:06  Marauder  
  105  9:12  Marauder  
Tags
 
Add a new tag
Caveats
  • Supply blocks, unpowered buildings, or Contaminate may cause inaccurate times.
  • Supply counts are checked every 10 seconds.